AoeStats
← THL

Arabia

507487401Analyzed
1v1 RM · 14d ago on Sep 18, 2026· 41m 43s· 2 players
Game mode
Random Map
Map size
Tiny (2 player)
Population
200
Speed
Normal
Resources
Standard
Victory
Conquest
Starting age
Dark Age
Ending age
Imperial Age
RankedLock teamsTeams togetherTeam positionsShared explorationLock speedFull tech treeHidden civsTurbo modeCheats
Victory
Defeat
🇹🇷 Magyars · Türkiye
1938
+9
🇻🇳 Tatars · Vietnam
1768
-9
Sushu
6:19 Loom
8:45 Feudal Age
9:22 Double-Bit Axe
17:51 Bloodlines
18:19 Scale Barding Armor
19:45 Wheelbarrow
19:36 Fletching
26:08 Castle Age
24:22 Horse Collar
25:42 Padded Archer Armor
26:13 Crossbowman
26:49 Bodkin Arrow
26:16 Light Cavalry
27:11 Husbandry
27:30 Bow Saw
29:25 Chain Barding Armor
30:41 Ballistics
30:17 Elite Skirmisher
33:10 Leather Archer Armor
36:05 Town Watch
36:37 Hand Cart
40:31 Imperial Age
38:51 Gold Mining
40:41 Heavy Plow
41:34 Bracer
42:40 Chemistry
42:25 Conscription
THL
6:37 Loom
8:59 Feudal Age
9:40 Double-Bit Axe
20:41 Castle Age
19:21 Fletching
19:25 Gold Mining
20:17 Bloodlines
21:30 Bodkin Arrow
25:06 Bow Saw
26:05 Padded Archer Armor
28:20 Leather Archer Armor
28:53 Bloodlines
28:45 Husbandry
32:08 Ballistics
36:34 Bow Saw
Connection lost

Rejoining the realm…

Still unreachable

The connection could not be restored.

Session expired

The server has moved on; the page needs a fresh start.